 Dungeon Crawl Stone Soup version 0.29.1-2-gbd0b4ee654 (webtiles) character file.

Game seed: 17973587017190334978

146 qeuew the Ducker (level 5, 0/41 HPs)
             Began as a Merfolk Gladiator on Nov 10, 2022.
             Slain by an orc
             ... wielding a +0 club
              (2 damage)
             ... on level 7 of the Dungeon.
             The game lasted 00:03:59 (3306 turns).

qeuew the Ducker (Merfolk Gladiator)                Turns: 3306, Time: 00:03:59

Health: 0/41       AC:  4    Str: 16    XL:     5   Next: 28%
Magic:  5/5        EV: 14    Int:  7    God:
Gold:   70         SH:  0    Dex: 16    Spells: 4/4 levels left

rFire   . . .      SeeInvis .   a - +0 trident (venom)
rCold   . . .      Faith    .   (no shield)
rNeg    + . .      Spirit   .   b - +0 leather armour
rPois   .          Reflect  .   c - +0 helmet
rElec   .          Harm     .   (no cloak)
rCorr   .          Rampage  .   (no gloves)
Will    .....                   (no boots)
Stlth   +.........              (no amulet)
HPRegen 0.13/turn               h - ring of positive energy
MPRegen 0.09/turn               (no ring)

@: invisible
A: (nimble swimmer 2), mertail
a: no special abilities


You were on level 7 of the Dungeon.
You visited 1 branch of the dungeon, and saw 5 of its levels.

You collected 155 gold pieces.
You spent 85 gold pieces at shops.

Inventory:

Hand Weapons
 a - a +0 trident of venom (weapon)
Missiles
 d - 3 throwing nets (quivered)
 e - a javelin
Armour
 b - a +0 leather armour (worn)
 c - a +0 helmet (worn)
Jewellery
 h - a ring of positive energy (left hand)
Scrolls
 j - a scroll of teleportation
 l - a scroll of enchant armour
 m - a scroll of summoning
Potions
 f - a potion of curing
 i - a potion of ambrosia


   Skills:
 + Level 3.2 Fighting
 + Level 4.9 Polearms
 + Level 2.9 Throwing
 + Level 1.2 Armour
 + Level 5.0 Dodging


You had 4 spell levels left.
You didn't know any spells.
Your spell library contained the following spells:

 Spells                   Type           Power      Damage    Failure   Level
 Blink                    Tloc           0%         N/A       65%         2
 Manifold Assault         Tloc           0%         N/A       100%        5
 Storm Form               Tmut/Air       0%         N/A       100%        7


Dungeon Overview and Level Annotations

Branches:
Dungeon (4/15)
 Temple: D:4-7

Altars:
Trog
Wu Jian
Zin

Shops:
D:2 ?


Innate Abilities, Weirdness & Mutations

((You are very nimble when in or above water. (Stealth+, EV+, Speed+++)))
Your lower body shifts to a powerful aquatic tail in water.


Message History

The orc wizard barely misses you.
The orc priest hits you with a +0 dagger.
The orc wizard hits you with a +0 dagger.
You hit the orc priest but do no damage.
The orc priest is poisoned.
The orc priest is moderately wounded.
The orc wizard points at you and mumbles some strange words.
The puff of flame hits you! The orc priest misses you.
The orc wizard barely misses you.
You hit the orc priest but do no damage.
The orc priest looks as sick as possible!
The orc priest is heavily wounded.
The orc wizard hits you with a +3 dagger of pain.
The orc priest hits you with a +0 dagger.
The orc wizard closely misses you.
You hit the orc priest.
The orc priest looks as sick as possible!
The orc priest is almost dead.
The orc wizard hits you with a +3 dagger of pain.
The orc hits you with a +0 club.
The orc priest hits you with a +0 dagger.
* * * LOW HITPOINT WARNING * * *
The orc wizard hits you but does no damage.
You fade into invisibility!
You kill the orc priest!
The orc wizard hits you with a +3 dagger of pain.
* * * LOW HITPOINT WARNING * * *
The orc hits you but does no damage.
The orc wizard gestures at you while chanting.
The magic dart hits you.
* * * LOW HITPOINT WARNING * * *
Your Dodging skill increases to level 5!
You barely miss the orc wizard.
The orc wizard hits you with a +3 dagger of pain.
* * * LOW HITPOINT WARNING * * *
The orc closely misses you.
You hit the orc wizard.
The orc wizard is poisoned.
The orc wizard is heavily wounded.
The orc wizard closely misses you. The orc hits you with a +0 club.
You die...

.......# ......#
.....# ....# .
...# ..
..#####...
##########.o....#
.........#.)o...#
.........#o@....#
.........'......#
.........#......#
##########......#
########


You could see 2 orc wizards and an orc (unable to see you).

Vanquished Creatures
  An orc priest (D:7)
  Natasha (D:2)
  2 adders (D:2)
  3 dart slugs
  A worm (D:2)
  9 bats
  7 endoplasms
  4 giant cockroaches (D:1)
  6 goblins
  4 hobgoblins
  4 quokkas
  4 ball pythons
  3 frilled lizards
  8 kobolds
  6 rats
63 creatures vanquished.

Notes
Turn   | Place    | Note
-------+----------+-------------------------------------------
     0 | D:1      | qeuew the Merfolk Gladiator began the quest for the Orb.
     0 | D:1      | Reached XP level 1. HP: 16/16 MP: 1/1
    86 | D:1      | Reached XP level 2. HP: 20/23 MP: 2/2
   364 | D:1      | Found a faded altar of an unknown god.
   466 | D:1      | Reached XP level 3. HP: 18/28 MP: 3/3
  1395 | D:2      | Reached XP level 4. HP: 32/34 MP: 4/4
  1601 | D:2      | Reached skill level 1 in Armour
  2319 | D:2      | Noticed Natasha
  2320 | D:2      | Found Raunonoi's Magic Scroll Shop.
  2331 | D:2      | Killed Natasha
  2567 | D:2      | Bought a scroll of noise for 10 gold pieces
  2567 | D:2      | Bought a scroll of enchant armour for 75 gold pieces
  2901 | D:3      | Found a glowing silver altar of Zin.
  2926 | D:3      | Reached XP level 5. HP: 41/41 MP: 5/5
  2959 | D:3      | Found a bloodstained altar of Trog.
  2959 | D:3      | Found an ornate altar of the Wu Jian Council.
  3289 | D:4      | You fall into a shaft and drop 3 floors!
  3305 | D:7      | Reached skill level 5 in Dodging
  3305 | D:7      | HP: 2/41 [orc wizard/+3 dagger of pain (2)]
  3306 | D:7      | Slain by an orc

Illustrated notes

Levels and vault maps discovered:
D:1:      lightli_molten_gateway, layout_basic,
          dreamdust_ecumenical_altar_angels_and_demons, minmay_tiny_reverse_x
D:2:      layout_basic, serial_shops, shop, uniq_natasha
D:3:      layout_loops_ring, zin_treasury, gammafunk_temple_overflow_elements,
          kennysheep_doodads
D:4:      layout_loops_cross, grunt_temple_overflow_lords_of_destruction,
          lemuel_temple_firewalk_a, nrook_loot_triangle, uniq_eustachio,
          uniq_duvessa, uniq_crazy_yiuf_cottage
D:7:      layout_gridville, mainiacjoe_overflow_paths,
          gammafunk_temple_overflow_statue, minmay_misc_feat_chi, uniq_maggie,
          uniq_prince_ribbit1

Skill      XL: |  1  2  3  4  5 |
---------------+----------------+-----
Armour         | 1 |  1.2
Fighting       | 3 |  3.2
Dodging        | 5 |  5.0
Polearms       | |  4.9
Throwing       | |  2.9

Action                   |  1- 3 |  4- 6 || total
-------------------------+-------+-------++-------
Melee: Trident           |   124 |    60 ||   184
       Punch             |       |     2 ||     2
  Use: Scroll            |     5 |     3 ||     8
       Potion            |       |     6 ||     6
 Stab: Sleeping          |     1 |     1 ||     2
Armor: Leather armour    |    52 |    18 ||    70
Dodge: Dodged            |   114 |    48 ||   162
